 Dungeon Crawl Stone Soup version 0.26-a0-663-g36e8fdb655 (webtiles) character file.

Game seed: 3839576365762771108

39 robertstho the Chiller (level 3, 0/25 HPs)
             Began as a Gnoll Ice Elementalist on Oct 12, 2020.
             Slain by an orc priest
             ... wielding a +0 flail
              (7 damage)
             ... on level 3 of the Dungeon.
             The game lasted 00:01:52 (1330 turns).

robertstho the Chiller (Gnoll Ice Elementalist)     Turns: 1330, Time: 00:01:53

Health: 0/25       AC:  4    Str: 10    XL:     3   Next: 47%
Magic:  9/9        EV: 14    Int: 18    God:
Gold:   107        SH:  0    Dex: 15    Spells: 11/12 levels left

rFire    . . .     SeeInvis .   k - +1 whip (vamp)
rCold    . . .     Faith    .   (no shield)
rNeg     . . .     Spirit   .   a - +0 robe
rPois    .         Reflect  .   b - +2 hat
rElec    .         Harm     .   (no cloak)
rCorr    .         Rampage  .   (no gloves)
MR       .....                  (no boots)
Stlth    +++.......             (no amulet)
HPRegen  0.08/turn              (no ring)
MPRegen  0.11/turn              (no ring)

@: no status effects
A: distributed training, fangs 1, strong nose
a: no special abilities


You were on level 3 of the Dungeon.
You visited 1 branch of the dungeon, and saw 3 of its levels.

You collected 107 gold pieces.

Inventory:

Hand Weapons
 c - a +0 dagger
 k - a +1 vampiric whip (weapon)
Armour
 a - a +0 robe (worn)
 b - a +2 hat (worn)
Scrolls
 d - 2 scrolls of identify {unknown}
 e - a scroll of remove curse {unknown}
 g - a scroll of enchant weapon {unknown}
 i - 2 scrolls of fog {unknown}
Potions
 f - a potion of might {unknown}
 h - a potion of cancellation {unknown}
 j - a potion of flight {unknown}
 l - a potion of ambrosia


   Skills:
 + Level 0.8 Fighting
 + Level 0.8 Short Blades
 + Level 0.8 Long Blades
 + Level 0.8 Axes
 + Level 0.8 Maces & Flails
 + Level 0.8 Polearms
 + Level 0.8 Staves
 + Level 0.8 Slings
 + Level 0.8 Bows
 + Level 0.8 Crossbows
 + Level 0.8 Throwing
 + Level 0.8 Armour
 + Level 4.5 Dodging
 + Level 4.1 Stealth
 + Level 0.8 Shields
 + Level 0.8 Unarmed Combat
 + Level 5.0 Spellcasting
 + Level 0.5 Conjurations
 + Level 0.5 Hexes
 + Level 0.5 Summonings
 + Level 0.5 Necromancy
 + Level 0.5 Translocations
 + Level 0.5 Transmutations
 + Level 0.5 Fire Magic
 + Level 7.1 Ice Magic
 + Level 0.5 Air Magic
 + Level 0.5 Earth Magic
 + Level 0.5 Poison Magic
 + Level 1.0 Invocations
 + Level 0.8 Evocations


You had 11 spell levels left.
You knew the following spells:

 Your Spells              Type           Power        Failure   Level
a - Freeze                Ice            ####         1%          1

Your spell library contained the following spells:

 Spells                   Type           Power        Failure   Level
 Frozen Ramparts          Ice            ####..       2%          3
 Ozocubu's Armour         Ice            ####....     2%          3
 Hailstorm                Conj/Ice       ###.....     26%         4
 Summon Ice Beast         Ice/Summ       ###.....     26%         4


Dungeon Overview and Level Annotations

Branches:
Dungeon (2/15)

Altars:


Innate Abilities, Weirdness & Mutations

Your experience applies equally to all skills.
You have very sharp teeth.
Your uncanny sense of smell can sniff out nearby items.


Message History

The orc priest hits you with a +0 flail.
You barely miss the orc priest. The orc priest barely misses you.
You hit the orc priest.
The orc priest is moderately wounded.
The orc priest misses you.
You're too confused to cast spells.
Sorry, you're not good enough to have a special ability.
The orc priest hits you with a +0 flail!
Unknown command.
You bump into the rock wall.
You feel less invigorated.
You feel less confused.
The orc priest hits you with a +0 flail.
You closely miss the orc priest.
The orc priest is moderately wounded.
The orc priest hits you with a +0 flail!
* * * LOW HITPOINT WARNING * * *
You hit the orc priest.
You feel better.
The orc priest is heavily wounded.
The orc priest hits you with a +0 flail!
You die...

..#<#.#.#.#.)...#
..###.#)........#
..# #.##........#
.## #...........#
## #......######
##.#####
#.#######
#.......#######.#
#######....@o...#
#..######## #...#
#.#>.. #.#...# #
###.# ∆ ∆ ##


You could see an orc priest.

Vanquished Creatures
  A worm (D:3)
  3 orcs (D:3)
  A ball python (D:1)
  3 hobgoblins
  3 jackals (D:1)
  6 kobolds
  6 bats
  3 goblins
  7 rats
33 creatures vanquished.

Notes
Turn   | Place    | Note
-------+----------+-------------------------------------------
     0 | D:1      | robertstho the Gnoll Ice Elementalist began the quest for
                  | the Orb.
     0 | D:1      | Reached XP level 1. HP: 13/13 MP: 6/6
   148 | D:1      | Reached XP level 2. HP: 17/19 MP: 2/7
  1075 | D:2      | You fall into a shaft and drop 1 floor!
  1116 | D:3      | Reached XP level 3. HP: 25/25 MP: 9/9
  1129 | D:3      | Reached skill level 5 in Spellcasting
  1305 | D:3      | Reached skill level 1 in Invocations
  1330 | D:3      | Slain by an orc priest

Illustrated notes

Levels and vault maps discovered:
D:1:      psy_arrival_wood_between_worlds, layout_basic, serial_park_tiny_1,
          hex_tiny
D:2:      layout_basic, serial_forest, infiniplex_forest_straight_2,
          infiniplex_forest_straight_4, infiniplex_forest_clump_C,
          infiniplex_forest_lined_3, infiniplex_forest_lined_3_way,
          infiniplex_forest_lined_corner
D:3:      layout_loops_cross, tgw_sif, fedhas_altar_2, uniq_robin

Skill      XL: |  1  2  3 |
---------------+----------+-----
Spellcasting   | 5 |  5.0
Invocations    | 1 |  1.0
Fighting       | |  0.8
Short Blades   | |  0.8
Long Blades    | |  0.8
Axes           | |  0.8
Maces & Flails | |  0.8
Polearms       | |  0.8
Staves         | |  0.8
Slings         | |  0.8
Bows           | |  0.8
Crossbows      | |  0.8
Throwing       | |  0.8
Armour         | |  0.8
Dodging        | |  4.5
Stealth        | |  4.1
Shields        | |  0.8
Unarmed Combat | |  0.8
Conjurations   | |  0.5
Hexes          | |  0.5
Summonings     | |  0.5
Necromancy     | |  0.5
Translocations | |  0.5
Transmutations | |  0.5
Fire Magic     | |  0.5
Ice Magic      | |  7.1
Air Magic      | |  0.5
Earth Magic    | |  0.5
Poison Magic   | |  0.5
Evocations     | |  0.8

Action                   || total
-------------------------++-------
Melee: Dagger            ||    65
       Unarmed           ||     2
       Bite              ||    12
       Whip              ||    34
 Cast: Freeze            ||    12
  Use: Potion            ||     1
 Stab: Sleeping          ||    10
Armor: Robe              ||    26
Dodge: Dodged            ||    73

Table legend: (Time is in decaauts)
 A = Elapsed time spent in this place.
 B = Non-inter-level travel time spent in this place.
 C = Inter-level travel time spent in this place.
 D = Time resting spent in this place.
 E = Time spent auto-exploring this place.
 F = Levels seen in this place.
 G = Mean time per level.
                   A        B        C        D        E       F      G
               +--------+--------+--------+--------+--------+-----+--------+
         Total |   1329 |   1316 |     13 |      0 |   1036 |   3 |  443.0 |
       Dungeon |   1329 |   1316 |     13 |      0 |   1036 |   3 |  443.0 |
               +--------+--------+--------+--------+--------+-----+--------+

Top non-repeatable levels by time:
     D:1: 1062 daAuts
     D:3: 256 daAuts
     D:2: 10 daAuts
